 Dungeon Crawl Stone Soup version 0.17-a0-1945-gfe993df (webtiles) character file.

65 graki42 the Sneak (level 4, 0/24 HPs)
             Began as a Kobold Enchanter on Sept 30, 2015.
             Killed from afar by Jessica (7 damage)
             ... with a wand of flame
             ... on level 2 of the Dungeon.
             The game lasted 00:08:37 (2285 turns).

graki42 the Sneak (Kobold Enchanter)                Turns: 2285, Time: 00:08:38

Health: 0/24       AC:  4    Str:  7    XL:     4   Next: 35%
Magic:  3/7        EV: 15    Int: 13    God:
Gold:   79         SH:  0    Dex: 16    Spells: 2 memorised, 4 levels left

rFire  . . .     SeeInvis .     a - +1 dagger
rCold  . . .     Clarity  .     b - +1 robe
rNeg   . . .     SustAt   .     (shield restricted)
rPois  .         Gourm    .     f - +0 helmet
rElec  .         Spirit   .     (no cloak)
rCorr  .         Warding  .     (no gloves)
rMut   .         Stasis   .     (no boots)
MR     .....                    p - amulet of faith
Stlth  +++.......               (no ring)
                                (no ring)

@: not resistant to hostile enchantments, fairly stealthy
A: carnivore 3
a: no special abilities


You were on level 2 of the Dungeon.
You were full.

You visited 1 branch of the dungeon, and saw 2 of its levels.

You collected 79 gold pieces.

Inventory:

Hand weapons
 a - a +1 dagger (weapon)
Armour
 b - a +1 robe (worn)
 f - a +0 helmet (worn)
Jewellery
 p - an amulet of faith (around neck)
Scrolls
 g - 2 scrolls of teleportation {unknown}
 h - a scroll of identify {unknown}
 k - a scroll of remove curse {unknown}
 l - a scroll of recharging {unknown}
Potions
 e - a potion of mutation {unknown}
 i - 2 potions of resistance {unknown}
 j - a potion of curing {unknown}
 m - a potion of ambrosia {unknown}
 n - 4 potions of invisibility {unknown}
Books
 c - a book of Maledictions

   Spells                             Type                      Level
   a - Corona                         Hexes                        1
   b - Ensorcelled Hibernation        Hexes/Ice                    2
   c - Confuse                        Hexes                        3
   d - Tukima's Dance                 Hexes                        3
   e - Dazzling Spray                 Conjuration/Hexes            3
Comestibles
 d - 4 meat rations
 o - a beef jerky


   Skills:
 + Level 0.9 Fighting
 + Level 1.7 Short Blades
 + Level 2.8 Dodging
 + Level 4.6 Stealth
 + Level 2.4 Spellcasting
 + Level 3.8 Hexes


You had 4 spell levels left.
You knew the following spells:

 Your Spells              Type           Power        Failure   Level  Hunger
a - Corona                Hex            ##.....      8%          1    #......
b - Ensorcelled Hibernat  Hex/Ice        #.....       17%         2    ###....


Dungeon Overview and Level Annotations

Branches:
Dungeon (2/15)

Altars:
Fedhas

Annotations:
D:2 Jessica


Innate Abilities, Weirdness & Mutations

You are small and have problems with some larger weapons.
You are carnivorous and can eat meat at any time.


Message History

Jessica the Apprentice Sorceress comes into view.
She is wielding a dagger of venom.
There is an open door, spattered with blood here.
Jessica shouts!
Jessica zaps a wand.
The puff of flame hits you!
It is a wand of flame.
Casting: Corona
Confirm with . or Enter, or press ? or * to list all spells.
Aiming: Ensorcelled Hibernation
Press: ? - help, Shift-Dir - straight line, f - Jessica
Aim: Jessica, wielding a dagger of venom, wearing a robe and carrying a wand of flame {zapped: 1} (chance to defeat MR: 47%) Jessica resists with some effort.
Jessica zaps a wand.
The puff of flame hits you!
* * * LOW HITPOINT WARNING * * *
Casting: Ensorcelled Hibernation
Confirm with . or Enter, or press ? or * to list all spells.
Aiming: Ensorcelled Hibernation
Press: ? - help, Shift-Dir - straight line, f/p - Jessica
Aim: Jessica, wielding a dagger of venom, wearing a robe and carrying a wand of flame {zapped: 2} (chance to defeat MR: 47%) Jessica resists with some effort.
Jessica zaps a wand.
The puff of flame hits you!
You die...

.#.........# #.#......
.#.........########### #.#......
.#.##+####...........# #........
....#.# #...........# ##.......
.####.# #...........# #.#####.
......# #......@....# #.# #.
####### #...........# #.#####'
.####### #...........# #.##....
.#.....# #......@....#####..#....
.#.....# #...........#...........
.#.....# #...........#.####......
.#.....###########...#.####..###.
.......'...# #...#..<....# #†
##.....###.# #...'...#.#.# #.
#.....# #.# #...###.#.#.# #.
#.....###.# #...#.....#.###.
#.........#######...#.###.....#.


You could see Jessica.

Vanquished Creatures
  An adder (D:2)
  An ooze (D:2)
  2 worms (D:2)
  A giant gecko (D:2)
  3 giant cockroaches
  7 goblins
  A hobgoblin (D:2)
  7 jackals
  8 kobolds
  A quokka (D:2)
  A ball python (D:2)
  3 bats (D:1)
  3 giant newts
  5 rats
44 creatures vanquished.

Notes
Turn   | Place    | Note
--------------------------------------------------------------
     0 | D:1      | graki42 the Kobold Enchanter began the quest for the Orb.
     0 | D:1      | Reached XP level 1. HP: 10/10 MP: 3/3
    98 | D:1      | Reached XP level 2. HP: 7/15 MP: 0/5
   648 | D:1      | Learned a level 2 spell: Ensorcelled Hibernation
  1009 | D:1      | Reached XP level 3. HP: 15/20 MP: 4/6
  1735 | D:2      | Reached XP level 4. HP: 20/24 MP: 7/7
  1780 | D:2      | Found a blossoming altar of Fedhas.
  2279 | D:2      | Noticed Jessica
  2285 | D:2      | Killed from afar by Jessica

Vault maps used:
D:1:      minmay_arrival_open_corners, moated_statue
D:2:      first_bread, fedhas_altar_3, uniq_jessica

Action                   |  1- 3 |  4- 6 || total
-------------------------+-------+-------++-------
Melee: Dagger            |   109 |    49 ||   158
 Cast: Corona            |    27 |     9 ||    36
       Ensorcelled Hiber |       |     6 ||     6
 Stab: Sleeping          |     9 |     3 ||    12
  Eat: Chunk             |     5 |     5 ||    10
